 Dungeon Crawl Stone Soup version 0.31-a0-233-g139696dc86 (webtiles) character file.

Game seed: 10155237817298871860

142 qw the Shooter (level 5, -2/30 HPs)
             Began as a Gargoyle Hexslinger on July 8, 2023.
             Slain by a phantom (4 damage)
             ... on level 3 of the Dungeon.
             The game lasted 00:01:06 (3049 turns).

qw the Shooter (Gargoyle Hexslinger)                Turns: 3049, Time: 00:01:06

Health: -2/30      AC: 10    Str: 12    XL:     5   Next: 25%
Magic:  6/6        EV: 10    Int: 13    God:
Gold:   172        SH:  0    Dex: 14    Spells: 5/6 levels left

rFire   . . .        Y - +1 sling
rCold   + . .        (no shield)
rNeg    + . .        h - +0 ring mail
rPois   inf          (no helmet)
rElec   +            g - +0 cloak
rCorr   .            (no gloves)
SInv    .            (no boots)
Will    .....        (no amulet)
Stlth   +            l - ring of protection from cold
HPRegen 0.25/turn    (no ring)
MPRegen 0.10/turn

%: no passive effects
@: no status effects
A: sickness immunity, AC +4, negative energy resistance 1, electricity
resistance, torment resistance 1, petrification resistance
a: no special abilities


You were on level 3 of the Dungeon.
You visited 1 branch of the dungeon, and saw 4 of its levels.

You collected 172 gold pieces.


Innate Abilities, Weirdness & Mutations

You are immune to sickness and miasma.
Your stone body is resilient. (AC +4)
You are immune to poison.
You resist negative energy. (rN+)
You are resistant to electric shocks. (rElec)
You are resistant to unholy torment.
You are immune to petrification.


   Skills:
 - Level 2.0 Fighting
 + Level 4.8 Ranged Weapons
 - Level 1.2 Armour
 - Level 1.5 Dodging
 - Level 1.0 Spellcasting
 - Level 2.6 Hexes


You had 5 spell levels left.
You knew the following spells:

 Your Spells              Type           Power      Damage    Failure   Level
a - Slow                  Hex            28%        N/A       22%         1

Your spell library contained the following spells:

 Spells                   Type           Power      Damage    Failure   Level
 Inner Flame              Hex/Fire       4%         N/A       73%         3
 Portal Projectile        Hex/Tloc       8%         N/A       73%         3
 Cause Fear               Hex            3%         N/A       91%         4

Inventory:

Hand Weapons
 Y - a +1 sling (weapon)
Armour
 g - a +0 cloak (worn)
 h - a +0 ring mail (worn)
Jewellery
 l - a ring of protection from cold (left hand)
Potions
 a - a potion of mutation {unknown}
 b - a potion of brilliance {unknown}
 c - a potion of curing
 d - a potion of heal wounds {unknown}
 e - a potion of ambrosia {unknown}
 f - a potion of might {unknown}
 k - a potion of lignification {unknown}

Dungeon Overview and Level Annotations

Branches:
Dungeon (4/15)
 Temple: D:4-7

Altars:

Shops:
D:3 (


Message History

The orc hits you with a +0 dagger. The orc hits you with a +0 club.
You shoot a sling bullet.
The sling bullet barely misses the phantom.
The quokka closely misses you. The orc barely misses you.
The orc hits you with a +0 dagger. The phantom barely misses you.
The phantom closely misses you.
You shoot a sling bullet.
The sling bullet barely misses the phantom.
The quokka bites you but does no damage.
The orc hits you but does no damage. x2; The phantom closely misses you.
The phantom hits you but does no damage.
The quokka bites you.
You shoot a sling bullet.
The sling bullet closely misses the phantom.
The orc hits you with a +0 dagger. The orc hits you but does no damage.
The quokka bites you. The phantom hits you.
The phantom blinks!
You blink.
The phantom hits you.
The phantom blinks!
You blink.
You shoot a sling bullet.
The sling bullet closely misses the phantom.
The phantom closely misses you.
You shoot a sling bullet.
The sling bullet hits the phantom but does no damage.
The phantom is lightly damaged.
The phantom misses you. The phantom barely misses you.
You shoot a sling bullet. The sling bullet hits the phantom.
The phantom is lightly damaged.
The phantom hits you but does no damage.
The phantom closely misses you.
You shoot a sling bullet.
The sling bullet closely misses the phantom.
The sling bullet misses the quokka.
The sling bullet hits the orc.
The orc is heavily wounded.
The phantom hits you but does no damage.
The phantom closely misses you. The phantom barely misses you.
The phantom hits you but does no damage.
The orc hits you with a +0 club.
You shoot a sling bullet. The sling bullet hits the phantom.
The phantom is moderately damaged.
The orc closely misses you. The phantom barely misses you.
The phantom hits you.
You die...

#.###.....#.# #....#+#'###
#.# #.##.##.#####....#.#.#
#.# #.##...............#.####
#.# #.##....############.#...
#.###.##.................#.##
#.##...#.....#############.#
#.##.........# ###'##
#.##........W# #...(.
#.##.......o@# #.....
#.##.....#'#W# #.....
#####.##.....#.#r######
#.....
..<..........#..o>[...#
#....)
#####.#......#...)....#
#.....
.#..#.#......#........#
#.....
##..#.#.#.#..#.#'######
#..<.. ##..#.#.#....#.#)#
#..... ##..#.#.###.##.#.##
######


You could see 2 phantoms, 2 orcs and a quokka.

Vanquished Creatures
  Terence (D:2)
  4 adders
  2 dart slugs
  7 orcs (D:3)
  4 bats
  9 endoplasms
  2 giant cockroaches (D:1)
  5 goblins
  5 hobgoblins
  4 jackals (D:2)
  2 quokkas
  6 ball pythons
  2 frilled lizards (D:2)
  4 kobolds
  9 rats
66 creatures vanquished.

Notes
Turn   | Place    | Note
-------+----------+-------------------------------------------
     0 | D:1      | qw the Gargoyle Hexslinger began the quest for the Orb.
     0 | D:1      | Reached XP level 1. HP: 12/12 MP: 2/2
     0 | D:1      | 0 ||| qw: Version: 0.3-a-46-gb1f654a
     0 | D:1      | 0 ||| qw: Game counter: 3506
     0 | D:1      | 0 ||| qw: Melee chars always use a shield: true
     0 | D:1      | 0 ||| qw: God list: Okawaru
     0 | D:1      | 0 ||| qw: Allow faded altars: false
     0 | D:1      | 0 ||| qw: Do Orc after clearing Dungeon:15 true
     0 | D:1      | 0 ||| qw: Do second Lair branch before Depths: true
     0 | D:1      | 0 ||| qw: Lair rune preference: random
     0 | D:1      | 0 ||| qw: Goals: Normal
     0 | D:1      | 0 ||| PLANNING D:1-11
   269 | D:1      | Reached XP level 2. HP: 16/16 MP: 3/3
   308 | D:1      | Reached skill level 3 in Ranged Weapons
   458 | D:1      | Reached XP level 3. HP: 21/21 MP: 4/4
   679 | D:1      | 679 ||| UPGRADING to +0 ring mail.
   689 | D:1      | 689 ||| DROPPING +0 robe.
   690 | D:1      | 690 ||| DROPPING ring of wizardry.
   691 | D:1      | 691 ||| UPGRADING to ring of protection from cold.
   692 | D:1      | 692 ||| READING scroll labelled TAEHYPPAZI.
   693 | D:1      | 693 ||| READING scroll labelled ETAT VIUDDU.
   694 | D:1      | 694 ||| READING scroll labelled ACAOMUTHRUWK.
   695 | D:1      | 695 ||| DROPPING scroll of poison.
   963 | D:2      | Noticed Terence
   987 | D:2      | HP: 2/21 [Terence/+0 short sword of draining (6)]
   989 | D:2      | Killed Terence
   990 | D:2      | Reached XP level 4. HP: 4/26 MP: 5/5
  1212 | D:2      | Reached skill level 4 in Ranged Weapons
  1467 | D:2      | Reached skill level 1 in Armour
  1633 | D:3      | Found Sustaar's Weapon Boutique.
  2256 | D:3      | Reached XP level 5. HP: 30/30 MP: 6/6
  2973 | D:3      | 2973 ||| UPGRADING to +0 cloak.
  2978 | D:3      | 2978 ||| READING scroll labelled VUNGOI CILOGOCS.
  2979 | D:3      | 2979 ||| READING scroll labelled PIYRGH JATA.
  2980 | D:3      | 2980 ||| DRINKING 2 inky potions.
  3015 | D:4      | Noticed a phantom
  3015 | D:4      | Noticed a phantom
  3016 | D:4      | 3016 ||| STAIRDANCE
  3037 | D:4      | 3037 ||| STAIRDANCE
  3044 | D:3      | HP: 4/30 [phantom (5)]
  3044 | D:3      | HP: 1/30 [phantom (3)]
  3049 | D:3      | Slain by a phantom

Levels and vault maps discovered:
D:1:      minmay_arrival_shattered_statue, layout_loops_ring
D:2:      layout_basic, uniq_terence
D:3:      layout_basic, serial_shops, shop, minmay_misc_feat_ornament
D:4:      layout_loops_ring, mainiacjoe_overflow_alcove_4, uniq_grinder

Skill      XL: |  1  2  3  4 |
---------------+-------------+-----
Ranged Weapons | 3 4 |  4.8
Fighting       | 2 |  2.0
Armour         | 1 |  1.2
Dodging        | |  1.5
Spellcasting   | |  1.0
Hexes          | |  2.6

Action                     |  1- 3 |  4- 6 || total
---------------------------+-------+-------++-------
   Fire: Sling             |   130 |   144 ||   274
    Use: Scroll            |     3 |     2 ||     5
         Potion            |       |     1 ||     1
 Armour: Robe              |    10 |       ||    10
         Ring mail         |    19 |    78 ||    97
  Dodge: Dodged            |    36 |    80 ||   116

Table legend:
 A = Non-vault XP
 B = Vault XP
 C = Vault XP percentage of total XP
 D = Non-vault monster count
 E = Vault monster count
 F = Vault count percentage of total count
                 A         B        C        D         E       F
            +---------+---------+-------+---------+---------+-------
      Total |     168 |      36 |  17.6 |      65 |       1 |   1.5
            +---------+---------+-------+---------+---------+-------
        D:1 |      38 |       0 |   0.0 |      23 |       0 |   0.0
        D:2 |      51 |      36 |  41.4 |      22 |       1 |   4.3
        D:3 |      79 |       0 |   0.0 |      20 |       0 |   0.0
            +---------+---------+-------+---------+---------+-------
